 Dungeon Crawl Stone Soup version 0.24.0-13-gcf9b3192b9 (webtiles) character file.

Game seed: 16933009784387699309, levelgen mode: deterministic

56 tilp the Conjurer (level 3, -2/19 HPs)
             Began as a Tengu Air Elementalist on Nov 10, 2019.
             Shot with a sling bullet by a goblin (7 damage)
             ... on level 2 of the Dungeon.
             The game lasted 00:04:38 (1489 turns).

tilp the Conjurer (Tengu Air Elementalist)          Turns: 1489, Time: 00:04:39

Health: -2/19      AC:  2    Str:  8    XL:     3   Next: 95%
Magic:  1/7        EV: 12    Int: 16    God:
Gold:   14         SH:  0    Dex: 14    Spells: 0/6 levels left

rFire    . . .     SeeInvis .   a - +0 dagger
rCold    . . .     Gourm    .   (no shield)
rNeg     . . .     Faith    .   d - +0 robe
rPois    .         Spirit   .   (helmet restricted)
rElec    .         Reflect  .   (no cloak)
rCorr    .         Harm     .   (no gloves)
MR       .....                  (boots unavailable)
Stlth    ++........             (no amulet)
HPRegen  0.06/turn              (no ring)
MPRegen  0.10/turn              (no ring)

@: no status effects
A: beak, talons 3
a: no special abilities


You were on level 2 of the Dungeon.
You were not hungry.

You visited 1 branch of the dungeon, and saw 2 of its levels.

You collected 14 gold pieces.

Inventory:

Hand Weapons
 a - a +0 dagger (weapon)
 h - a +4 whip
Missiles
 e - 74 stones (quivered)
Armour
 d - a +0 robe (worn)
Scrolls
 f - a scroll of identify {unknown}
Potions
 i - a potion of degeneration {unknown}
Comestibles
 b - 5 chunks of flesh
 c - 2 rations


   Skills:
 - Level 2.1 Dodging
 - Level 2.0 Stealth
 - Level 2.0 Spellcasting
 + Level 4.5 Conjurations
 + Level 4.4 Air Magic


You couldn't memorise any spells.
You knew the following spells:

 Your Spells              Type           Power        Failure   Level  Hunger
a - Shock                 Conj/Air       ###.         3%          1    #......
b - Swiftness             Chrm/Air       #.......     13%         2    ###....
c - Static Discharge      Conj/Air       ###.....     10%         3    ###....

Your spell library contained the following spells:

 Spells                   Type           Power        Failure   Level  Hunger
 Airstrike                Air            ###.......   32%         4    #####..
 Lightning Bolt           Conj/Air       ###.......   67%         5    ######.


Dungeon Overview and Level Annotations

Branches:
Dungeon (2/15)

Altars:

Annotations:
D:2 Ijyb


Innate Abilities, Weirdness & Mutations

You have a beak for a mouth.
You have claws for feet.


Message History

You hit Ijyb but do no damage. Your kick misses Ijyb.
Ijyb is almost dead.
Ijyb completely misses you.
The goblin hits you from afar with a +0 spear.
* * * LOW HITPOINT WARNING * * *
Unknown command.
It was a potion of curing.
You feel better. Ijyb barely misses you.
The goblin hits you from afar with a +0 spear.
* * * LOW HITPOINT WARNING * * *
Ijyb zaps a wand.
Some rock shatters into small pieces.
The goblin unwields a +0 spear.
The goblin wields a +0 hunting sling.
The goblin shoots a sling bullet.
The sling bullet misses you.
You see here a sling bullet.
Ijyb screams, "It's all mine!"
The goblin shoots a sling bullet.
The sling bullet hits you.
* * * LOW HITPOINT WARNING * * *
You see here a sling bullet.
You hear a zap.
You hear a grinding noise.
The goblin shoots a sling bullet.
The sling bullet hits you!
You die...

......#.#.#......#.#.###..####..
###.#.#.#.#..#..)..#.........#
#.#...#.#........#####.....#
#.#.......(......g.........#
#####........(g...##...#.#
#.......#...#..###..#.#
####..#.##.#.#.##.# ......
#........)...(.##..###.....
####....÷...@#....#.# ##....
.....#.#<..####.### # ###
######.#.#....÷.# #.....######
#......# ########


You could see a goblin.

Vanquished Creatures
  An adder (D:2)
  A worm (D:1)
  2 leopard geckos (D:1)
  4 bats (D:1)
  12 goblins
  2 hobgoblins (D:1)
  8 jackals
  2 frilled lizards (D:1)
  A kobold (D:2)
  A quokka skeleton (D:2)
  3 rats
37 creatures vanquished.

Notes
Turn   | Place    | Note
-------+----------+-------------------------------------------
     0 | D:1      | tilp the Tengu Air Elementalist began the quest for the
                  | Orb.
     0 | D:1      | Reached XP level 1. HP: 10/10 MP: 4/4
   179 | D:1      | Reached XP level 2. HP: 15/15 MP: 0/6
   626 | D:1      | Learned a level 2 spell: Swiftness
   694 | D:1      | Reached XP level 3. HP: 15/19 MP: 1/7
   699 | D:1      | Learned a level 3 spell: Static Discharge
  1458 | D:2      | Noticed Ijyb
  1489 | D:2      | Shot with a sling bullet by a goblin

Levels and vault maps discovered:
D:1:      minmay_arrival_semitransparent, layout_basic
D:2:      kennysheep_the_goblin_king, layout_basic, okawaru_ov_weapons_minmay,
          uniq_sigmund

Skill      XL: |  1  2  3 |
---------------+----------+-----
Conjurations   | 2 3 4 |  4.5
Dodging        | |  2.1
Stealth        | |  2.0
Spellcasting   | |  2.0
Air Magic      | |  4.4

Action                   || total
-------------------------++-------
Melee: Unarmed           ||     1
       Dagger            ||     7
       Kick              ||     1
       Peck              ||     1
 Cast: Shock             ||    72
  Use: Potion            ||     1
 Stab: Sleeping          ||     1
  Eat: Chunk             ||     3
Armor: Robe              ||     7
Dodge: Dodged            ||    30
